 Dungeon Crawl Stone Soup version 0.27.0-1-g7a089689b8 (webtiles) character file.

Game seed: 17500387460298504319

59 Malachi the Chopper (level 3, 0/27 HPs)
             Began as a Demonspawn Gladiator on Aug 12, 2021.
             Slain by a gnoll (1 damage)
             ... on level 3 of the Dungeon.
             The game lasted 00:03:04 (2672 turns).

Malachi the Chopper (Demonspawn Gladiator)          Turns: 2672, Time: 00:03:05

Health: 0/27       AC: 13    Str: 15    XL:     3   Next: 78%
Magic:  3/3        EV:  5    Int:  9    God:
Gold:   57         SH:  0    Dex: 14    Spells: 2/2 levels left

rFire    . . .     SeeInvis .   a - +0 war axe
rCold    . . .     Faith    .   (no shield)
rNeg     . . .     Spirit   .   e - +0 plate armour
rPois    .         Reflect  .   c - +0 helmet
rElec    .         Harm     .   (no cloak)
rCorr    .         Rampage  .   (no gloves)
Will     .....                  (no boots)
Stlth    ..........             g - amulet of regeneration
HPRegen  1.09/turn              (no ring)
MPRegen  0.08/turn              (no ring)

@: lethally poisoned (0 -> -14)
A: slimy green scales 1
a: no special abilities


You were on level 3 of the Dungeon.
You visited 1 branch of the dungeon, and saw 3 of its levels.

You collected 57 gold pieces.

Inventory:

Hand Weapons
 a - a +0 war axe (weapon)
Missiles
 d - 3 throwing nets (quivered)
Armour
 c - a +0 helmet (worn)
 e - a +0 plate armour (worn)
Jewellery
 g - an amulet of regeneration (around neck)
Potions
 f - a potion of attraction
 k - a potion of magic {unknown}


   Skills:
 + Level 2.0 Fighting
 + Level 3.7 Axes
 + Level 1.7 Throwing
 + Level 1.0 Armour
 + Level 3.2 Dodging


You had 2 spell levels left.
You didn't know any spells.
Your spell library was empty.

Dungeon Overview and Level Annotations

Branches:
Dungeon (3/15)

Altars:


Innate Abilities, Weirdness & Mutations

You are partially covered in slimy green scales. (AC +2)


Message History

There are monsters nearby!
There are monsters nearby!
A gnoll comes into view. It is wielding a +0 flail.
The gnoll shouts!
The gnoll hits you but does no damage.
You barely miss the gnoll. You hit the gnoll.
The gnoll is lightly wounded.
The gnoll hits you but does no damage.
You barely miss the gnoll.
The gnoll is lightly wounded.
The gnoll barely misses you.
The gnoll hits you but does no damage. x3
You hit the gnoll.
The gnoll is moderately wounded.
The gnoll hits you but does no damage. The gnoll barely misses you.
You slash the gnoll!
You kill the gnoll!
The gnoll barely misses you.
The gnoll hits you from afar with a +2 halberd of venom.
You are poisoned.
The gnoll barely misses you.
Things that are here:
a +0 club; a gnoll corpse You closely miss the gnoll.
You feel very sick.
The gnoll hits you from afar with a +2 halberd of venom.
You are more poisoned.
The gnoll barely misses you. x2; The gnoll hits you but does no damage.
You slash the gnoll!
The gnoll is severely wounded.
You feel very sick.
The gnoll hits you from afar with a +2 halberd of venom.
* * * LOW HITPOINT WARNING * * *
You are more poisoned.
The gnoll hits you but does no damage.
It was a potion of cancellation.
You feel magically purged.
* * * LOW HITPOINT WARNING * * *
You feel extremely sick.
The gnoll hits you from afar with a +2 halberd of venom.
You die...

#...................####.#
#.#####...#######...# #.#
###...#######...# #.#
#................ #.#
#.##..###.###..... #.# #.
#............#.# #.# #
#..###.###.#.#.# #.# #..#
#.# ... #..# #@# ...# #g#
##.## #g# #. #g# #. #..
#.. ... ####


You could see 3 gnolls.

Vanquished Creatures
  2 adders (D:2)
  A gnoll (D:3)
  2 worms
  2 dart slugs
  3 endoplasms
  A giant cockroach (D:1)
  A goblin (D:2)
  A hobgoblin (D:2)
  4 jackals (D:1)
  2 bats (D:1)
  2 frilled lizards
  2 kobolds (D:2)
  2 rats (D:2)
25 creatures vanquished.

Vanquished Creatures (others)
  2 plants (D:1)
2 creatures vanquished.

Grand Total: 27 creatures vanquished

Notes
Turn   | Place    | Note
-------+----------+-------------------------------------------
     0 | D:1      | Malachi the Demonspawn Gladiator began the quest for the
                  | Orb.
     0 | D:1      | Reached XP level 1. HP: 16/16 MP: 1/1
    36 | D:1      | Found a faded altar of an unknown god.
   329 | D:1      | Gained mutation: You are partially covered in slimy green
                  | scales. (AC +2) [demonic ancestry]
   329 | D:1      | Reached XP level 2. HP: 20/22 MP: 2/2
  1809 | D:2      | Reached XP level 3. HP: 13/27 MP: 3/3
  2622 | D:3      | Reached skill level 1 in Armour
  2672 | D:3      | HP: 1/27 [poisoned by a gnoll]
  2672 | D:3      | Slain by a gnoll

Illustrated notes

Levels and vault maps discovered:
D:1:      kennysheep_arrival_seaside, layout_basic,
          hellmonk_ecumenical_altar_lost_god
D:2:      layout_basic
D:3:      layout_loops_ring, lemuel_crystal_altar, gammafunk_ghost_mausoleum,
          minmay_misc_feat_five

Skill      XL: |  1  2  3 |
---------------+----------+-----
Dodging        | 3 |  3.2
Axes           | 3 |  3.7
Armour         | 1 |  1.0
Fighting       | |  2.0
Throwing       | |  1.7

Action                   || total
-------------------------++-------
Melee: War axe           ||   114
Throw: Throwing net      ||     2
  Use: Scroll            ||     6
       Potion            ||     3
Armor: Plate armour      ||   101
       Leather armour    ||     3
Dodge: Dodged            ||    30
